 Dungeon Crawl Stone Soup version 0.29-a0-559-g359e09b9d1 (webtiles) character file.

Game seed: 5263619977667581005

261 DocClef the Covert (level 6, 0/53 HPs)
             Began as a Gnoll Delver on June 10, 2022.
             Slain by a kobold
             ... wielding a +0 club
              (4 damage)
             ... in a sewer.
             The game lasted 00:01:08 (869 turns).

DocClef the Covert (Gnoll Delver)                    Turns: 869, Time: 00:01:08

Health: 0/53       AC:  3    Str: 12    XL:     6   Next: 18%
Magic:  8/8        EV: 13    Int:  9    God:
Gold:   15         SH:  0    Dex: 15    Spells: 8/8 levels left

rFire   + . .      SeeInvis .   k - +2 whip (elec)
rCold   + . .      Faith    .   (no shield)
rNeg    . . .      Spirit   .   b - +0 leather armour
rPois   +          Reflect  .   (no helmet)
rElec   +          Harm     .   (no cloak)
rCorr   +          Rampage  .   (no gloves)
Will    .....                   (no boots)
Stlth   ++++......              i - amulet of magic regeneration
HPRegen 0.17/turn               (no ring)
MPRegen 0.51/turn               (no ring)

@: resistant
A: fangs 1, strong nose, distributed training
a: no special abilities


You were in a sewer.
You visited 1 branch of the dungeon, and saw 2 of its levels.
You also visited: Sewer.

You collected 15 gold pieces.

Inventory:

Hand Weapons
 a - a +0 short sword
 k - a +2 whip of electrocution (weapon)
Armour
 b - a +0 leather armour (worn)
 l - a +0 scale mail
Jewellery
 i - an amulet of magic regeneration (around neck)
Wands
 g - a wand of digging (3)
Scrolls
 c - a scroll of fog
 d - a scroll of teleportation {unknown}
 e - a scroll of fear
 h - 3 scrolls of blinking {unknown}
 j - 2 scrolls of immolation {unknown}
Potions
 f - a potion of haste
 n - a potion of heal wounds {unknown}


   Skills:
 + Level 6.8 Fighting
 + Level 4.9 Short Blades
 + Level 1.8 Long Blades
 + Level 1.8 Axes
 + Level 1.8 Maces & Flails
 + Level 1.8 Polearms
 + Level 1.8 Staves
 + Level 1.8 Slings
 + Level 1.8 Bows
 + Level 1.8 Crossbows
 + Level 1.8 Throwing
 + Level 1.8 Armour
 + Level 4.9 Dodging
 + Level 9.7 Stealth
 + Level 1.8 Shields
 + Level 1.8 Unarmed Combat
 + Level 1.8 Spellcasting
 + Level 1.4 Conjurations
 + Level 1.4 Hexes
 + Level 1.4 Summonings
 + Level 1.4 Necromancy
 + Level 1.4 Translocations
 + Level 1.4 Transmutations
 + Level 1.4 Fire Magic
 + Level 1.4 Ice Magic
 + Level 1.4 Air Magic
 + Level 1.4 Earth Magic
 + Level 1.4 Poison Magic
 + Level 2.0 Invocations
 + Level 1.8 Evocations


You had 8 spell levels left.
You didn't know any spells.
Your spell library was empty.

Dungeon Overview and Level Annotations

Branches:
Dungeon (5/15)              Sewer (1/1)
 Temple: D:4-7

Altars:

Annotations:
D:5 1 transporter, dolemite99's ghost, novice MeCA


Innate Abilities, Weirdness & Mutations

You have very sharp teeth.
Your uncanny sense of smell can sniff out nearby items.
Your experience applies equally to all skills.


Message History

You barely miss the kobold brigand. You bite the kobold brigand.
The kobold brigand is almost dead.
The kobold brigand hits you with a +0 club.
The kobold brigand hits you with a +0 short sword!
You are too injured to fight recklessly!
You are too injured to fight recklessly!
You hit the kobold brigand.
You kill the kobold brigand!
Your Invocations skill increases to level 2!
You have reached level 6!
You hit the kobold brigand.
You bite the kobold brigand, but do no damage.
The kobold brigand is lightly wounded.
The kobold brigand hits you with a +0 short sword.
The kobold misses you.
Unknown command.
You barely miss the kobold brigand.
The kobold brigand is lightly wounded.
The kobold brigand misses you. The kobold hits you but does no damage.
You hit the kobold brigand.
Lightning courses through the kobold brigand!
The kobold brigand is heavily wounded.
The kobold brigand hits you with a +0 short sword.
The kobold barely misses you.
You hit the kobold brigand. You bite the kobold brigand.
The kobold brigand is severely wounded.
The kobold brigand hits you with a +0 short sword!
* * * LOW HITPOINT WARNING * * *
The kobold hits you with a +0 club.
* * * LOW HITPOINT WARNING * * *
You barely miss the kobold brigand.
The kobold brigand is severely wounded.
The kobold brigand hits you with a +0 short sword.
* * * LOW HITPOINT WARNING * * *
The kobold hits you but does no damage.
Unknown command.
It was a potion of resistance.
You feel protected. The kobold brigand closely misses you.
The kobold hits you with a +0 club.
You die...

#......≈≈≈≈≈≈#......#
#......≈≈≈≈≈≈#......#
##....≈≈P#≈≈≈#......#
#.....≈≈#≈≈≈#≈≈....#
#......≈#≈≈≈#P≈...##
#.P.....#≈≈≈≈≈P...##
#.......#≈≈≈≈≈≈....#
#.......#≈≈≈#≈...###
###.@K..#≈≈≈#....#
###K'##≈≈≈##++##
.)!.#≈≈≈# #!...#≈≈≈#
#..∩[#≈≈≈# #....#≈≈≈#
######≈≈≈#####
#≈≈≈'...# #≈≈≈#.∩∩#


You could see a kobold brigand and a kobold.

Vanquished Creatures
  2 kobold brigands (Sewer)
  A bullfrog (D:5)
  A hound (D:5)
  An adder (D:5)
  A worm (D:4)
  2 giant cockroaches (Sewer)
  2 ball pythons (D:4)
  4 bats
  2 frilled lizards (Sewer)
  3 kobolds (Sewer)
  A rat (Sewer)
20 creatures vanquished.

Notes
Turn   | Place    | Note
-------+----------+-------------------------------------------
     0 | D:5      | Reached skill level 9 in Stealth
     0 | D:5      | DocClef the Gnoll Delver began the quest for the Orb.
     0 | D:5      | Reached XP level 1. HP: 23/23 MP: 1/1
     3 | D:5      | Found a transporter.
    55 | D:5      | Reached XP level 2. HP: 26/29 MP: 2/2
    55 | D:5      | Noticed a killer bee
    55 | D:5      | Noticed a killer bee
    56 | D:5      | Noticed a killer bee
    57 | D:5      | Noticed a killer bee
    83 | D:5      | Noticed a killer bee
    87 | D:5      | Noticed a killer bee
   105 | D:5      | Noticed dolemite99's ghost (novice MeCA)
   137 | D:5      | Noticed a bullfrog
   140 | D:5      | Killed a bullfrog
   141 | D:5      | Reached skill level 1 in Long Blades
   141 | D:5      | Reached skill level 1 in Axes
   141 | D:5      | Reached skill level 1 in Maces & Flails
   141 | D:5      | Reached skill level 1 in Polearms
   141 | D:5      | Reached skill level 1 in Staves
   141 | D:5      | Reached skill level 1 in Slings
   141 | D:5      | Reached skill level 1 in Bows
   141 | D:5      | Reached skill level 1 in Crossbows
   141 | D:5      | Reached skill level 1 in Throwing
   141 | D:5      | Reached skill level 1 in Armour
   141 | D:5      | Reached skill level 1 in Shields
   141 | D:5      | Reached skill level 1 in Unarmed Combat
   141 | D:5      | Reached skill level 1 in Spellcasting
   141 | D:5      | Reached skill level 1 in Invocations
   141 | D:5      | Reached skill level 1 in Evocations
   141 | D:5      | Reached XP level 3. HP: 35/35 MP: 2/4
   141 | D:5      | Reached XP level 4. HP: 41/41 MP: 2/5
   153 | D:5      | Reached skill level 1 in Conjurations
   153 | D:5      | Reached skill level 1 in Hexes
   153 | D:5      | Reached skill level 1 in Summonings
   153 | D:5      | Reached skill level 1 in Necromancy
   153 | D:5      | Reached skill level 1 in Translocations
   153 | D:5      | Reached skill level 1 in Transmutations
   153 | D:5      | Reached skill level 1 in Fire Magic
   153 | D:5      | Reached skill level 1 in Ice Magic
   153 | D:5      | Reached skill level 1 in Air Magic
   153 | D:5      | Reached skill level 1 in Earth Magic
   153 | D:5      | Reached skill level 1 in Poison Magic
   163 | D:4      | Found a glowing drain.
   210 | Sewer    | Entered a sewer
   504 | Sewer    | Noticed a kobold brigand
   542 | Sewer    | Killed a kobold brigand
   543 | Sewer    | Reached XP level 5. HP: 17/47 MP: 5/7
   851 | Sewer    | Noticed a kobold brigand
   851 | Sewer    | Noticed a kobold brigand
   863 | Sewer    | Killed a kobold brigand
   864 | Sewer    | Reached XP level 6. HP: 23/53 MP: 8/8
   869 | Sewer    | Slain by a kobold

Illustrated notes

Levels and vault maps discovered:
D:4:      layout_cave_pools, general_overflow_altar,
          cheibrodos_sewer_entry_sluice, uniq_blork_the_orc
D:5:      layout_loops_ring, minmay_temple_entry_large_hall,
          gammafunk_ghost_hive
Sewer:    kennysheep_pipe_town

Skill      XL: |  1  2  3  4  5 |
---------------+----------------+-----
Stealth        | |  9.7
Long Blades    | 1 |  1.8
Axes           | 1 |  1.8
Maces & Flails | 1 |  1.8
Polearms       | 1 |  1.8
Staves         | 1 |  1.8
Slings         | 1 |  1.8
Bows           | 1 |  1.8
Crossbows      | 1 |  1.8
Throwing       | 1 |  1.8
Armour         | 1 |  1.8
Shields        | 1 |  1.8
Unarmed Combat | 1 |  1.8
Spellcasting   | 1 |  1.8
Invocations    | 1 2 |  2.0
Evocations     | 1 |  1.8
Conjurations   | 1 |  1.4
Hexes          | 1 |  1.4
Summonings     | 1 |  1.4
Necromancy     | 1 |  1.4
Translocations | 1 |  1.4
Transmutations | 1 |  1.4
Fire Magic     | 1 |  1.4
Ice Magic      | 1 |  1.4
Air Magic      | 1 |  1.4
Earth Magic    | 1 |  1.4
Poison Magic   | 1 |  1.4
Fighting       | |  6.8
Short Blades   | |  4.9
Dodging        | |  4.9

Action                   |  1- 3 |  4- 6 || total
-------------------------+-------+-------++-------
Melee: Short sword       |     8 |    68 ||    76
       Bite              |       |    15 ||    15
       Punch             |       |     2 ||     2
       Whip              |       |    31 ||    31
  Use: Potion            |       |     2 ||     2
       Scroll            |       |     1 ||     1
 Stab: Sleeping          |     1 |     3 ||     4
Armor: Leather armour    |     2 |    13 ||    15
       Skin              |       |    13 ||    13
Dodge: Dodged            |     4 |    48 ||    52

Table legend: (Time is in decaauts)
 A = Elapsed time spent in this place.
 B = Non-inter-level travel time spent in this place.
 C = Inter-level travel time spent in this place.
 D = Time resting spent in this place.
 E = Time spent auto-exploring this place.
 F = Levels seen in this place.
 G = Mean time per level.
                   A        B        C        D        E       F      G
               +--------+--------+--------+--------+--------+-----+--------+
         Total |    874 |    874 |      0 |    472 |    181 |   3 |  291.3 |
       Dungeon |    206 |    206 |      0 |      0 |    108 |   2 |  103.0 |
         Sewer |    667 |    667 |      0 |    472 |     73 |   1 |  667.0 |
               +--------+--------+--------+--------+--------+-----+--------+

Top non-repeatable levels by time:
   Sewer: 667 daAuts
     D:5: 160 daAuts
     D:4: 46 daAuts
